 Dungeon Sprint DCSS version 0.31-a0-1616-gbeaec30b81 (webtiles) character file.

Game seed: 9227627170954648549

431 zazu2006 the Nimble (level 7, -1/57 HPs)
             Began as a Gnoll Wanderer on Jan 11, 2024.
             Was a Priest of Vehumet.
             Slain by a brain worm (7 damage)
             ... in the Dungeon (Sprint VII: "The Pits").
             The game lasted 00:03:49 (269 turns).

zazu2006 the Nimble (Gnoll Wanderer)                 Turns: 269, Time: 00:03:50

Health: -1/57      AC:  3    Str: 11    XL:     7   Next: 0%
Magic:  11/17      EV: 15    Int: 13    God:    Vehumet [***...]
Gold:   0          SH:  5    Dex: 12    Spells: 19/20 levels left

rFire   . . .        q - +1 long sword (holy)
rCold   . . .        c - +0 buckler
rNeg    . . .        e - +0 leather armour
rPois   .            (no helmet)
rElec   .            (no cloak)
rCorr   .            (no gloves)
SInv    .            (no boots)
Will    .....        (no amulet)
Stlth   +++          (no ring)
HPRegen 0.29/turn    (no ring)
MPRegen 0.15/turn

%: no teleportation
@: on berserk cooldown, fragile (+50% incoming damage), slowed, very slow
A: fangs 1, strong nose, distributed training
a: Renounce Religion


You were in the Dungeon.
You worshipped Vehumet.
Vehumet was most pleased with you.
You visited 1 branch

Inventory:

Hand Weapons
 a - a +0 dagger
 l - a +2 dagger
 m - a +2 falchion
 q - a +1 long sword of holy wrath (weapon)
Missiles
 b - 3 throwing nets (quivered)
Armour
 c - a +0 buckler (worn)
 e - a +0 leather armour (worn)
 r - a +3 scale mail
Scrolls
 k - a scroll of blinking
 n - 2 scrolls of vulnerability
 o - 5 scrolls of amnesia
 p - a scroll of butterflies
Potions
 d - 3 potions of invisibility
 f - 6 potions of curing
 g - 3 potions of heal wounds
 h - a potion of haste
 i - 4 potions of magic
 j - a potion of berserk rage


   Skills:
 + Level 5.9 Fighting
 + Level 5.2 Short Blades
 + Level 5.2 Long Blades
 + Level 5.2 Axes
 + Level 5.2 Maces & Flails
 + Level 5.2 Polearms
 + Level 5.2 Staves
 + Level 5.2 Ranged Weapons
 + Level 5.2 Throwing
 + Level 5.2 Armour
 + Level 11.6 Dodging
 + Level 5.2 Stealth
 + Level 5.9 Shields
 + Level 5.2 Unarmed Combat
 + Level 7.3 Spellcasting
 + Level 4.3 Conjurations
 + Level 4.3 Hexes
 + Level 4.3 Summonings
 + Level 4.3 Necromancy
 + Level 4.3 Translocations
 + Level 4.3 Fire Magic
 + Level 4.3 Ice Magic
 + Level 4.3 Air Magic
 + Level 4.3 Earth Magic
 + Level 4.3 Alchemy
 + Level 5.7 Invocations
 + Level 5.9 Evocations
 + Level 4.7 Shapeshifting


You had 19 spell levels left.
You knew the following spells:

 Your Spells              Type           Power      Damage    Failure   Level
a - Foxfire               Conj/Fire      64%        2x1d7     1%          1

Your spell library contained the following spells:

 Spells                   Type           Power      Damage    Failure   Level
 Sting                    Conj/Alch      64%        1d7       1%          1
 Inner Flame              Hex/Fire       16%        N/A       3%          3


Dungeon Overview and Level Annotations

Branches:
Dungeon (1/1)

Altars:
Ashenzari
Cheibriados
Dithmenos
Elyvilon
Fedhas
Gozag
Hepliaklqana
Kikubaaqudgha
Makhleb
Nemelex Xobeh
Okawaru
Qazlal
Ru
Sif Muna
Trog
Uskayaw
Vehumet
Wu Jian
Xom
Yredelemnul
Zin
The Shining One
Jiyva
Lugonu


Innate Abilities, Weirdness & Mutations

You have very sharp teeth.
Your uncanny sense of smell can sniff out nearby items.
Your experience applies equally to all skills.


Message History

Your Earth Magic skill increases to level 4!
Your Alchemy skill increases to level 4!
Your Invocations skill increases to level 5!
Your Shapeshifting skill increases to level 4!
You have reached level 6!
You slice the iguana!!
You kill the iguana!
Vehumet accepts your kill.
You feel your power returning.
The brain worm's bulging head throbs.
Something gnaws on your mind!
* * * LOW HITPOINT WARNING * * *
You feel your power leaking away.
You have reached level 7!
You are no longer berserk.
You are exhausted.
You feel yourself slow down. The hobgoblin hits you.
* * * LOW HITPOINT WARNING * * *
Things that are here:
a +0 whip; a curare-tipped dart; a kobold corpse You hit the hobgoblin.
You bite the hobgoblin.
The hobgoblin is severely wounded.
The hobgoblin barely misses you. The hobgoblin closely misses you.
You barely miss the hobgoblin. Your bite misses the hobgoblin.
The hobgoblin is severely wounded.
You hit the brain worm.
The brain worm is lightly wounded.
The brain worm bites you.
* * * LOW HITPOINT WARNING * * *
The brain worm misses you.
You slash the brain worm!
The brain worm is moderately wounded.
You block the brain worm's attack. The brain worm misses you.
You hit the brain worm.
The brain worm is moderately wounded.
You block the brain worm's attack.
You barely miss the brain worm.
The brain worm is moderately wounded.
The brain worm barely misses you. The brain worm bites you.
You die...

#'#####'#####.....
#.#...#.#[.##.....
#.#...#.#))#####'#
#.#..)†.#))##.....
#.##'####).##.....
#.#.....#..##.....
#.#....)#'###...<.
#.#........##.....
#@#........##.....
#w###########.....
#g...G..# ######
#...#...# #...# .#
∆∆ #.##. ∆ #.. #.
∆ #.. .. #.. ..


You could see a brain worm and a hobgoblin.

Vanquished Creatures
  A glass eye (D)
  A phantom (D)
  A kobold brigand (D)
  A scorpion (D)
  An iguana (D)
  A gnoll (D)
  A bat zombie (D)
  A goblin (D)
  2 hobgoblins (D)
  A quokka (D)
  A ball python skeleton (D)
  A frilled lizard (D)
13 creatures vanquished.

Vanquished Creatures (others)
  11 foxfires (D)
11 creatures vanquished.

Grand Total: 24 creatures vanquished

Notes
Turn   | Place    | Note
-------+----------+-------------------------------------------
     0 | D        | Reached skill level 10 in Dodging
     0 | D        | zazu2006 the Gnoll Wanderer began the quest for the Orb.
     0 | D        | zazu2006 set off with the following items: a +0 dagger, 3
                  | throwing nets, a +0 buckler, a potion of invisibility, a +0
                  | leather armour, a potion of curing, a potion of heal
                  | wounds, a potion of haste, 2 potions of magic, a potion of
                  | berserk rage, a scroll of blinking; and the following spell
                  | memorised: Foxfire; and the following spells available to
                  | memorise: Inner Flame.
     0 | D        | Reached XP level 1. HP: 17/17 MP: 6/6
    39 | D        | Found a bloodstained altar of Trog.
    39 | D        | Found a shimmering blue altar of Sif Muna.
    39 | D        | Found a viscous altar of Jiyva.
    39 | D        | Found a hazy altar of Hepliaklqana.
    39 | D        | Found an opulent altar of Gozag.
    40 | D        | Found a glowing golden altar of the Shining One.
    40 | D        | Found a glowing silver altar of Zin.
    40 | D        | Found a basalt altar of Yredelemnul.
    40 | D        | Found a shimmering altar of Xom.
    40 | D        | Found an ornate altar of the Wu Jian Council.
    40 | D        | Found a sacrificial altar of Ru.
    40 | D        | Found a stormy altar of Qazlal.
    40 | D        | Found an iron altar of Okawaru.
    40 | D        | Found a sparkling altar of Nemelex Xobeh.
    40 | D        | Found a burning altar of Makhleb.
    40 | D        | Found a blossoming altar of Fedhas.
    40 | D        | Found a white marble altar of Elyvilon.
    40 | D        | Found a shadowy altar of Dithmenos.
    40 | D        | Found a snail-covered altar of Cheibriados.
    41 | D        | Found a radiant altar of Vehumet.
    41 | D        | Found a corrupted altar of Lugonu.
    42 | D        | Found an ancient bone altar of Kikubaaqudgha.
    42 | D        | Found a hide-covered altar of Uskayaw.
    42 | D        | Found a broken altar of Ashenzari.
    49 | D        | Became a worshipper of Vehumet
    62 | D        | Noticed a scorpion
    82 | D        | Killed a scorpion
    83 | D        | Reached skill level 5 in Spellcasting
    83 | D        | Reached XP level 2. HP: 18/24 MP: 0/8
    83 | D        | Reached XP level 3. HP: 22/29 MP: 0/10
    83 | D        | Reached XP level 4. HP: 27/36 MP: 0/11
   118 | D        | Reached * piety under Vehumet
   118 | D        | Offered knowledge of Kiss of Death by Vehumet.
   154 | D        | Reached ** piety under Vehumet
   220 | D        | Noticed a kobold brigand
   221 | D        | Noticed a glass eye
   222 | D        | Noticed a phantom
   223 | D        | Noticed a brain worm
   235 | D        | Killed a phantom
   235 | D        | Offered knowledge of Sting by Vehumet.
   236 | D        | Reached skill level 11 in Dodging
   236 | D        | Reached XP level 5. HP: 16/43 MP: 11/13
   251 | D        | Killed a kobold brigand
   251 | D        | Reached *** piety under Vehumet
   252 | D        | Reached skill level 5 in Fighting
   252 | D        | Reached skill level 5 in Shields
   252 | D        | Reached skill level 5 in Evocations
   261 | D        | Killed a glass eye
   262 | D        | Reached skill level 5 in Short Blades
   262 | D        | Reached skill level 5 in Long Blades
   262 | D        | Reached skill level 5 in Axes
   262 | D        | Reached skill level 5 in Maces & Flails
   262 | D        | Reached skill level 5 in Polearms
   262 | D        | Reached skill level 5 in Staves
   262 | D        | Reached skill level 5 in Ranged Weapons
   262 | D        | Reached skill level 5 in Throwing
   262 | D        | Reached skill level 5 in Armour
   262 | D        | Reached skill level 5 in Stealth
   262 | D        | Reached skill level 5 in Unarmed Combat
   262 | D        | Reached skill level 5 in Invocations
   262 | D        | Reached XP level 6. HP: 21/52 MP: 11/16
   263 | D        | Reached XP level 7. HP: 12/57 MP: 9/17
   269 | D        | Slain by a brain worm

Illustrated notes

Levels and vault maps discovered:
D:        pitsprint [storerooms_1, entrance_room_1, metal_vault_7, armoury_1,
          mini_pit_1, grid_room_1, main_hall_1, silver_pit, the_coven_3,
          the_vestibule_1, steel_vault_4, golden_pit, hallway_of_sentries,
          crystal_vault_2, iron_vault_2, final_vault]

Skill      XL: |  1  2  3  4  5 |
---------------+----------------+-----
Dodging        | 11 | 11.6
Fighting       | 3 4 5 |  5.9
Short Blades   | 2 3 5 |  5.2
Long Blades    | 2 3 5 |  5.2
Axes           | 2 3 5 |  5.2
Maces & Flails | 2 3 5 |  5.2
Polearms       | 2 3 5 |  5.2
Staves         | 2 3 5 |  5.2
Ranged Weapons | 2 3 5 |  5.2
Throwing       | 2 3 5 |  5.2
Armour         | 2 3 5 |  5.2
Stealth        | 2 3 5 |  5.2
Shields        | 3 4 5 |  5.9
Unarmed Combat | 2 3 5 |  5.2
Spellcasting   | 5 6 7 |  7.3
Conjurations   | 2 4 |  4.3
Hexes          | 2 4 |  4.3
Summonings     | 2 4 |  4.3
Necromancy     | 2 4 |  4.3
Translocations | 2 4 |  4.3
Fire Magic     | 2 4 |  4.3
Ice Magic      | 2 4 |  4.3
Air Magic      | 2 4 |  4.3
Earth Magic    | 2 4 |  4.3
Alchemy        | 2 4 |  4.3
Invocations    | 2 3 5 |  5.7
Evocations     | 3 4 5 |  5.9
Shapeshifting  | 2 3 4 |  4.7

Action                     |  1- 3 |  4- 6 |  7- 9 || total
---------------------------+-------+-------+-------++-------
  Melee: Falchion          |     4 |    19 |       ||    23
         Dagger            |     2 |       |       ||     2
         Long sword        |       |    32 |     6 ||    38
         Bite              |       |     3 |     1 ||     4
   Cast: Foxfire           |     4 |     2 |       ||     6
    Use: Potion            |     1 |     4 |       ||     5
 Armour: Leather armour    |     7 |    19 |     3 ||    29
  Dodge: Dodged            |    10 |    27 |     5 ||    42
  Block: Buckler           |     6 |    12 |     2 ||    20

Table legend: (Time is in decaauts)
 A = Elapsed time spent in this place.
 B = Non-inter-level travel time spent in this place.
 C = Inter-level travel time spent in this place.
 D = Time resting spent in this place.
 E = Time spent auto-exploring this place.
 F = Levels seen in this place.
 G = Mean time per level.
                   A        B        C        D        E       F      G
               +--------+--------+--------+--------+--------+-----+--------+
         Total |    291 |    201 |     90 |     53 |      0 |   1 |  291.0 |
       Dungeon |    291 |    201 |     90 |     53 |      0 |   1 |  291.0 |
               +--------+--------+--------+--------+--------+-----+--------+

Top non-repeatable levels by time:
       D: 291 daAuts
